 Dungeon Crawl Stone Soup version 0.29-a0-418-gc0181ea820 (webtiles) character file.

Game seed: 12813837861637967196

99 Hubjo the Magician (level 4, -1/26 HPs)
             Began as a Deep Elf Fire Elementalist on May 17, 2022.
             Slain by Terence
             ... wielding a +0 flail
              (9 damage)
             ... on level 3 of the Dungeon.
             The game lasted 00:01:49 (3473 turns).

Hubjo the Magician (Deep Elf Fire Elementalist)     Turns: 3473, Time: 00:01:50

Health: -1/26      AC:  2    Str:  5    XL:     4   Next: 45%
Magic:  20/21      EV: 13    Int: 24    God:
Gold:   142        SH:  0    Dex: 17    Spells: 10/11 levels left

rFire   . . .      SeeInvis .   o - +6 hand axe of Tumult {vorpal, MP+9 Int+2 Dex+2 Stlth+}
rCold   . . .      Faith    .   (no shield)
rNeg    . . .      Spirit   .   a - +0 robe
rPois   .          Reflect  .   (no helmet)
rElec   .          Harm     .   (no cloak)
rCorr   .          Rampage  .   (no gloves)
Will    .....                   (no boots)
Stlth   ++++......              (no amulet)
HPRegen 0.08/turn               (no ring)
MPRegen 0.17/turn               (no ring)

@: mighty
A: no striking features
a: no special abilities


You were on level 3 of the Dungeon.
You visited 1 branch of the dungeon, and saw 3 of its levels.

You collected 142 gold pieces.

Inventory:

Hand Weapons
 o - the +6 hand axe of Tumult (weapon) {vorpal, MP+9 Int+2 Dex+2 Stlth+}
   (You found it on level 3 of the Dungeon)

   It inflicts extra damage upon your enemies.
   Int:       It affects your intelligence (+2).
   Dex:       It affects your dexterity (+2).
   MP:        It affects your magic capacity (+9).
   Stlth:     It makes you more stealthy.
Armour
 a - a +0 robe (worn)
Scrolls
 d - a scroll of noise {unknown}
 f - 2 scrolls of magic mapping {unknown}
 g - 2 scrolls of poison {unknown}
 i - 2 scrolls of teleportation {unknown}
 j - a scroll of torment {unknown}
 l - a scroll of fear {unknown}
 m - a scroll of immolation {unknown}
 q - a scroll of identify {unknown}
Potions
 b - a potion of magic
 c - a potion of flight {unknown}
 e - a potion of lignification {unknown}
 h - a potion of ambrosia {unknown}
 k - a potion of might
 n - a potion of heal wounds {unknown}
 p - a potion of brilliance {unknown}


   Skills:
 * Level 1.9 Fighting
 - Level 2.4 Dodging
 + Level 3.4 Stealth
 + Level 4.0 Spellcasting
 - Level 1.1 Conjurations
 + Level 3.9 Fire Magic


You had 10 spell levels left.
You knew the following spells:

 Your Spells              Type           Power      Damage    Failure   Level
a - Foxfire               Conj/Fire      64%        2x1d7     3%          1

Your spell library contained the following spells:

 Spells                   Type           Power      Damage    Failure   Level
 Scorch                   Fire           46%        2d7       3%          2
 Conjure Flame            Conj/Fire      16%        6-21      11%         3
 Inner Flame              Hex/Fire       14%        N/A       13%         3
 Flame Wave               Conj/Fire      16%        2d6       34%         4
 Animate Armour           Summ/Erth      8%         N/A       67%         4
 Blade Hands              Tmut           2%         N/A       95%         5
 Iron Shot                Conj/Erth      3%         9d2       100%        6


Dungeon Overview and Level Annotations

Branches:
Dungeon (3/15)

Altars:

Annotations:
D:3 Terence


Message History

Terence the Incautious comes into view.
He is wielding a +0 flail.
You barely miss the ball python. The ball python bites you.
The ball python completely misses you. The ball python misses you.
The ball python grabs you. The ball python constricts you.
You hit the ball python.
You kill the ball python!
Terence closely misses you.
You hit Terence.
Terence is moderately wounded.
Terence says, "Don't bother to defend, it's senseless."
Terence hits you with a +0 flail.
You hit Terence but do no damage.
Terence is moderately wounded.
Terence barely misses you.
You completely miss Terence.
Terence is moderately wounded.
Terence hits you with a +0 flail. x2
You are too injured to fight recklessly!
You are too injured to fight recklessly!
You are too injured to fight recklessly!
You are too injured to fight recklessly!
You are too injured to fight recklessly!
You are too injured to fight recklessly!
You are too injured to fight recklessly!
You are too injured to fight recklessly!
You are too injured to fight recklessly!
You are too injured to fight recklessly!
You are too injured to fight recklessly!
You are too injured to fight recklessly!
You are too injured to fight recklessly!
You are too injured to fight recklessly!
You are too injured to fight recklessly!
You are too injured to fight recklessly!
You are too injured to fight recklessly!
You are too injured to fight recklessly!
You are too injured to fight recklessly!
It was a potion of might.
You feel very mighty all of a sudden. Terence hits you with a +0 flail!
You die...

##### ##.#
# #..# #
##.######
..
##.......#
# ....
#...####.#
#.# .....
#.### #.#
...# .(...
### #.#
$...#
#####
#.##.....#
#.@@.....#
####.....#
....# ...#
..# .# #


You could see Terence.

Vanquished Creatures
  An orc priest (D:3)
  An adder (D:2)
  A worm (D:2)
  2 dart slugs (D:3)
  3 orcs (D:3)
  7 ball pythons
  5 bats
  5 endoplasms
  3 giant cockroaches
  7 goblins
  3 hobgoblins
  A quokka (D:1)
  A frilled lizard (D:1)
  7 kobolds
  2 rats (D:1)
49 creatures vanquished.

Vanquished Creatures (others)
  345 foxfires
345 creatures vanquished.

Grand Total: 394 creatures vanquished

Notes
Turn   | Place    | Note
-------+----------+-------------------------------------------
     0 | D:1      | Hubjo the Deep Elf Fire Elementalist began the quest for
                  | the Orb.
     0 | D:1      | Reached XP level 1. HP: 10/10 MP: 6/6
   318 | D:1      | Reached XP level 2. HP: 16/16 MP: 4/8
   590 | D:1      | Reached skill level 1 in Fighting
  1213 | D:2      | Reached XP level 3. HP: 20/20 MP: 6/9
  2929 | D:3      | Reached XP level 4. HP: 26/26 MP: 3/11
  2937 | D:3      | Reached skill level 4 in Spellcasting
  3313 | D:3      | Identified the +6 hand axe of Tumult {vorpal, MP+9 Int+2
                  | Dex+2 Stlth+}
  3467 | D:3      | Noticed Terence
  3473 | D:3      | Slain by Terence

Illustrated notes

Levels and vault maps discovered:
D:1:      scummos_arrival_forest, layout_basic
D:2:      layout_basic
D:3:      layout_rooms, minivault_5, uniq_terence

Skill      XL: |  1  2  3  4 |
---------------+-------------+-----
Fighting       | 1 |  1.9
Stealth        | 3 |  3.4
Spellcasting   | 4 |  4.0
Dodging        | |  2.4
Conjurations   | |  1.1
Fire Magic     | |  3.9

Action                   |  1- 3 |  4- 6 || total
-------------------------+-------+-------++-------
Melee: Hand axe          |       |     5 ||     5
 Cast: Foxfire           |   188 |    15 ||   203
  Use: Potion            |       |     1 ||     1
Armor: Robe              |     1 |       ||     1
Dodge: Dodged            |     5 |     4 ||     9

Table legend: (Time is in decaauts)
 A = Elapsed time spent in this place.
 B = Non-inter-level travel time spent in this place.
 C = Inter-level travel time spent in this place.
 D = Time resting spent in this place.
 E = Time spent auto-exploring this place.
 F = Levels seen in this place.
 G = Mean time per level.
                   A        B        C        D        E       F      G
               +--------+--------+--------+--------+--------+-----+--------+
         Total |   3473 |   3421 |     52 |      0 |   2990 |   3 | 1157.7 |
       Dungeon |   3473 |   3421 |     52 |      0 |   2990 |   3 | 1157.7 |
               +--------+--------+--------+--------+--------+-----+--------+

Top non-repeatable levels by time:
     D:2: 1351 daAuts
     D:1: 1096 daAuts
     D:3: 1025 daAuts
